 Dungeon Crawl Stone Soup version 0.19-a0-1193-g2641e52 (webtiles) character file.

4843 Duffy the Cleaver (level 10, -3/90 HPs)
             Began as a Minotaur Gladiator on Aug 19, 2016.
             Was a Follower of the Shining One.
             Slain by a hill giant
             ... wielding a +0 giant club
              (8 damage)
             ... on level 10 of the Dungeon.
             The game lasted 00:07:35 (8484 turns).

Duffy the Cleaver (Minotaur Gladiator)              Turns: 8484, Time: 00:07:36

Health: -3/90      AC: 17    Str: 19    XL:     10   Next: 25%
Magic:  9/9        EV:  8    Int:  5    God:    the Shining One [*.....]
Gold:   545        SH:  0    Dex: 15    Spells: 0 memorised, 9 levels left

rFire  . . .     SeeInvis .     H - +0 battleaxe
rCold  . . .     Gourm    +     M - +0 plate armour
rNeg   . . .     Faith    .     (shield currently unavailable)
rPois  .         Spirit   .     c - +0 hat
rElec  .         Dismiss  .     W - +0 cloak
rCorr  .         Reflect  .     (no gloves)
MR     .....     Harm     .     z - +0 pair of boots
Stlth  ..........               N - amulet of the gourmand
                                (no ring)
                                (no ring)

@: glowing
A: retaliatory headbutt, horns 2
a: Renounce Religion


You were on level 10 of the Dungeon.
You worshipped the Shining One.
The Shining One was aware of your devotion.
You were completely stuffed.

You visited 2 branches of the dungeon, and saw 11 of its levels.
You also visited: Ossuary.

You collected 545 gold pieces.

Inventory:

Hand Weapons
 a - a +0 war axe
 v - a +0 broad axe
 B - a +0 club
 H - a +0 battleaxe (weapon)
Missiles
 d - 3 throwing nets (quivered)
Armour
 b - a +0 leather armour
 c - a +0 hat (worn)
 h - a +2 buckler
 z - a +0 pair of boots (worn)
 A - a +0 chain mail
 I - a +0 shield
 M - a +0 plate armour (worn)
 W - a +0 cloak (worn)
Magical Staves
 J - an uncursed staff of death {unknown}
Jewellery
 N - an amulet of the gourmand (around neck)
 Q - an uncursed amulet of dismissal
 T - an uncursed ring of ice
Wands
 U - a wand of acid (3/15)
Scrolls
 e - 9 scrolls of remove curse
 n - 6 scrolls of identify
 o - 3 scrolls of teleportation {unknown}
 s - 2 scrolls of recharging {unknown}
 t - 2 scrolls of amnesia {unknown}
 w - 2 scrolls of enchant armour {unknown}
 y - a scroll of random uselessness {unknown}
 C - 2 scrolls of fear {unknown}
 E - 3 scrolls of immolation {unknown}
 K - a scroll of brand weapon {unknown}
 L - a scroll of noise {unknown}
 O - a scroll of vulnerability {unknown}
 P - 2 scrolls of enchant weapon {unknown}
 V - a scroll of blinking {unknown}
Potions
 i - 9 potions of heal wounds
 j - 4 potions of flight
 k - 3 potions of brilliance
 l - a potion of might
 m - a potion of beneficial mutation
 p - 3 potions of lignification
 r - a potion of degeneration
 u - 2 potions of magic
 D - 3 potions of ambrosia
 F - 4 potions of mutation
 G - 3 potions of curing
 R - a potion of cure mutation {unknown}
Books
 x - a book of Necromancy

   Spells                             Type                      Level
   a - Pain                           Necromancy                   1
   b - Animate Skeleton               Necromancy                   1
   c - Vampiric Draining              Necromancy                   3
   d - Regeneration                   Charms/Necromancy            3
   e - Animate Dead                   Necromancy                   4
   f - Control Undead                 Necromancy                   4
   The Shining One disapproves of the use of such an item.
 S - a book of the Warp

   Spells                             Type                      Level
   a - Gell's Gravitas                Hexes/Translocation          3
   b - Force Lance                    Conjuration/Translocation    4
   c - Summon Forest                  Summoning/Translocation      5
   d - Dispersal                      Translocation                6
   e - Controlled Blink               Translocation                8
   f - Disjunction                    Translocation                8
 Y - a book of the Earth

   Spells                             Type                      Level
   a - Leda's Liquefaction            Hexes/Earth                  4
   b - Bolt of Magma                  Conjuration/Fire/Earth       5
   c - Statue Form                    Transmutation/Earth          6
   d - Iron Shot                      Conjuration/Earth            6
   e - Shatter                        Earth                        9
Comestibles
 f - 6 bread rations
 g - 5 fruits
 q - 2 meat rations
 X - 4 chunks of flesh


   Skills:
 + Level 8.7 Fighting
 + Level 12.4 Axes
 - Level 2.0 Throwing
 + Level 10.3 Armour
 - Level 3.2 Dodging


You had 9 spell levels left.
You didn't know any spells.

Dungeon Overview and Level Annotations

Branches:
Dungeon (10/15)            Temple (1/1) D:7             Orc (0/2) D:9
   Lair: D:8-11

Altars:
Ashenzari
Cheibriados
Dithmenos
Fedhas
Hepliaklqana
Kikubaaqudgha
Makhleb
Nemelex Xobeh
Okawaru
Qazlal
Ru
Sif Muna
Trog
Vehumet
Xom
Yredelemnul
The Shining One

Shops:
D:9 [:


Innate Abilities, Weirdness & Mutations

You reflexively headbutt those who attack you in melee.
You have a pair of horns on your head.


Message History

You slash the orc!
You kill the orc!
Your plate armour prevents you from hitting the orc warrior.
The orc priest calls upon Beogh to heal the orc priest.
The orc priest is healed somewhat.
The orc warrior hits you with a dire flail!
The orc priest barely misses you.
The orc wizard points at you and mumbles some strange words.
You easily resist.
The orc completely misses you.
Unknown command.
You slash the orc priest! Your headbutt misses the orc priest.
The orc priest is almost dead.
You hit the orc warrior.
Your plate armour prevents you from hitting the orc.
You hit the orc.
You hit the hill giant but do no damage.
You hit the orc wizard.
You kill the orc wizard!
The hill giant hits you with a giant club!
You die...

#.... .#
.#..###.####
##..........#
#...........#
#...........#
#<..o.o.....#
#..?Coo.....#
#....@oo....#
#.....)oo....#
...(..........#
.##...........#
#############


You could see a hill giant, an orc warrior, 2 orc priests and 5 orcs.

Vanquished Creatures
  A death yak (D:9)
  A hill giant (D:10)
  Maurice (D:9)
  A spriggan (D:7)
  Sigmund (D:6)
  A hungry ghost (D:7)
  A hippogriff (D:8)
  A water moccasin (D:9)
  4 ice beasts
  2 orc warriors
  A sky beast (D:9)
  4 ogres
  4 centaurs
  A wyvern skeleton (D:8)
  A scorpion (D:4)
  4 wights (D:6)
  3 howler monkeys (D:7)
  5 centaur zombies
  3 orc priests
  A hound (D:7)
  4 jellies
  2 centaur skeletons
  A giant frog skeleton (D:6)
  3 orc wizards
  4 worker ants
  A centaur simulacrum (D:9)
  2 ogre zombies (Ossuary)
  7 mummies (Ossuary)
  2 worker ant zombies
  11 adders
  2 shadow imps
  2 oozes
  5 adder zombies
  3 worms
  3 dart slugs
  4 giant geckos
  21 orcs
  3 ball pythons
  2 giant cockroaches
  6 goblins
  5 hobgoblins
  9 jackals
  4 quokkas
  5 bats
  2 giant gecko skeletons
  2 giant newts
  A gnoll zombie (Ossuary)
  A goblin zombie (Ossuary)
  4 hobgoblin zombies (Ossuary)
  5 kobolds
  5 kobold zombies (Ossuary)
  An orc zombie (Ossuary)
  3 quokka zombies (Ossuary)
  5 rats
  7 rat zombies (Ossuary)
188 creatures vanquished.

Vanquished Creatures (others)
  An orc (D:9)
1 creature vanquished.

Grand Total: 189 creatures vanquished

Notes
Turn   | Place    | Note
-------+----------+-------------------------------------------
     0 | D:1      | Duffy the Minotaur Gladiator began the quest for the Orb.
     0 | D:1      | Reached XP level 1. HP: 18/18 MP: 0/0
    20 | D:1      | Reached skill level 4 in Axes
    21 | D:1      | Reached XP level 2. HP: 17/25 MP: 1/1
   466 | D:1      | Reached skill level 5 in Axes
   751 | D:1      | Reached XP level 3. HP: 30/30 MP: 2/2
   984 | D:2      | Found a sacrificial altar of Ru.
  1107 | D:2      | Reached XP level 4. HP: 37/37 MP: 3/3
  1157 | D:2      | Reached skill level 6 in Axes
  2205 | D:4      | Reached XP level 5. HP: 26/44 MP: 4/4
  2360 | D:4      | Reached skill level 7 in Axes
  2615 | D:4      | Reached skill level 1 in Armour
  2780 | D:4      | Reached XP level 6. HP: 47/52 MP: 5/5
  2917 | D:4      | Found a sparkling altar of Nemelex Xobeh.
  3014 | D:5      | Entered Level 5 of the Dungeon
  3995 | D:6      | Reached XP level 7. HP: 30/60 MP: 6/6
  3999 | D:6      | Reached skill level 8 in Axes
  4220 | D:6      | Reached skill level 5 in Fighting
  4245 | D:6      | HP: 3/61 [ogre/giant club (18)]
  5103 | D:6      | Noticed Sigmund
  5117 | D:6      | Killed Sigmund
  5117 | D:6      | Reached skill level 9 in Axes
  5117 | D:6      | Reached skill level 5 in Armour
  5210 | D:6      | Reached XP level 8. HP: 69/69 MP: 7/7
  5458 | D:7      | Found a sand-covered staircase.
  5468 | Ossuary  | Entered an ossuary
  5885 | Ossuary  | Reached skill level 10 in Axes
  6434 | D:7      | Found a staircase to the Ecumenical Temple.
  6475 | Temple   | Entered the Ecumenical Temple
  6563 | Temple   | Became a worshipper of the Shining One
  6765 | D:7      | Reached XP level 9. HP: 74/74 MP: 8/8
  7212 | D:8      | Found an iron altar of Okawaru.
  7330 | D:8      | Reached skill level 11 in Axes
  7784 | D:9      | Found Ahadotz's Armour Emporium.
  7897 | D:9      | Found a staircase to the Orcish Mines.
  8111 | D:9      | Noticed a death yak
  8126 | D:9      | Killed a death yak
  8126 | D:9      | Reached skill level 12 in Axes
  8258 | D:9      | Noticed Maurice
  8267 | D:9      | Killed Maurice
  8267 | D:9      | Reached XP level 10. HP: 86/88 MP: 7/9
  8469 | D:9      | Found Bihasino's Book Emporium.
  8476 | D:10     | Entered Level 10 of the Dungeon
  8476 | D:10     | Reached * piety under the Shining One
  8476 | D:10     | Noticed a hill giant
  8476 | D:10     | Noticed a hill giant
  8480 | D:10     | Reached skill level 10 in Armour
  8482 | D:10     | Killed a hill giant
  8483 | D:10     | HP: 4/90 [orc warrior/dire flail (9)]
  8484 | D:10     | Slain by a hill giant

Vault maps used:
D:1:      lemuel_arrival_funnel
D:2:      first_bread, nicolae_ru_path_of_blood
D:4:      nemelex_xobeh_ov_fountains_minmay
D:5:      minmay_misc_feat_encased
D:6:      uniq_sigmund
D:7:      enter_ossuary_3, the_bakery
D:8:      nicolae_overflow_hidden_temple, kennysheep_generic_room_14
D:9:      orc_david_3, serial_ice, serial_ice_d, serial_ice_c, serial_ice_i,
          serial_ice_n, serial_shops, shop_coins, uniq_maurice
D:10:     dpeg_oklobed_lair, eino_curves_03, kennysheep_windowed_goal
Temple:   zaba_magenta_temple
Ossuary:  ossuary_boxes_badplayer

Skill      XL: |  1  2  3  4  5  6  7  8  9 10 |
---------------+-------------------------------+-----
Axes           | 4 5 6 7 9 10 12 | 12.4
Fighting       | 3 4 5 8 |  8.7
Armour         | 1 3 5 8 9 10 | 10.3
Throwing       | |  2.0
Dodging        | |  3.2

Action                   |  1- 3 |  4- 6 |  7- 9 | 10-12 || total
-------------------------+-------+-------+-------+-------++-------
Melee: War axe           |    61 |    41 |       |       ||   102
       Headbutt          |     8 |    20 |    66 |     6 ||   100
       Broad axe         |       |    80 |   192 |       ||   272
       Battleaxe         |       |       |    60 |    17 ||    77
  Use: Scroll            |       |       |    12 |       ||    12
  Eat: Chunk             |     1 |     6 |    28 |     2 ||    37
       Royal jelly       |       |     1 |       |       ||     1
       Fruit             |       |       |     2 |       ||     2
       Meat ration       |       |       |     1 |       ||     1
Armor: Leather armour    |    11 |     9 |       |       ||    20
       Chain mail        |       |    24 |     2 |       ||    26
       Plate armour      |       |       |   131 |     7 ||   138
Dodge: Dodged            |    30 |    58 |    83 |    21 ||   192
Block: Buckler           |    10 |    36 |    34 |       ||    80
